 Dungeon Crawl Stone Soup version 0.28-a0-987-g8383568036 (webtiles) character file.

Game seed: 9491203626379738730

20 Barra97 the Grave Robber (level 2, 13/13 HPs)
             Began as a Spriggan Necromancer on Dec 3, 2021.
             Quit the game on level 1 of the Dungeon.
             The game lasted 00:05:09 (1184 turns).

Barra97 the Grave Robber (Spriggan Necromancer)     Turns: 1184, Time: 00:05:09

Health: 13/13      AC:  2    Str:  4    XL:     2   Next: 58%
Magic:  7/7        EV: 17    Int: 16    God:
Gold:   4          SH:  0    Dex: 15    Spells: 5/7 levels left

rFire   . . .      SeeInvis +   (weapon restricted)
rCold   . . .      Faith    .   (shield restricted)
rNeg    . . .      Spirit   .   a - +0 robe
rPois   .          Reflect  .   (helmet restricted)
rElec   .          Harm     .   (no cloak)
rCorr   .          Rampage  .   (gloves unavailable)
Will    .....                   (boots unavailable)
Stlth   ++........              (no amulet)
HPRegen 0.04/turn               b - ring of flight
MPRegen 0.10/turn               (no ring)

@: flying, very quick
A: very small, no large weapons, unfitting armour, see invisible, speed 3
a: no special abilities


You were on level 1 of the Dungeon.
You visited 1 branch of the dungeon, and saw 1 of its levels.

You collected 4 gold pieces.

Inventory:

Armour
 a - a +0 robe (worn)
Jewellery
 b - a ring of flight (left hand)


   Skills:
 + Level 3.2 Dodging
 + Level 3.6 Stealth
 + Level 3.1 Spellcasting
 + Level 3.8 Necromancy


You had 5 spell levels left.
You knew the following spells:

 Your Spells              Type           Power      Damage    Failure   Level
a - Pain                  Necr           56%        1d6       3%          1
b - Animate Skeleton      Necr           28%        N/A       3%          1

Your spell library contained the following spells:

 Spells                   Type           Power      Damage    Failure   Level
 Vampiric Draining        Necr           14%        2d7       12%         3
 Animate Dead             Necr           7%         N/A       36%         4
 Agony                    Necr           14%        N/A       71%         5


Dungeon Overview and Level Annotations

Branches:
Dungeon (1/15)

Altars:


Innate Abilities, Weirdness & Mutations

You are very small and have problems with some larger weapons.
You are too small for most types of armour.
You have supernaturally acute eyesight. (SInv)
You cover ground extremely quickly. (Speed+++)


Message History

Press: ? - help, Shift-Dir - straight line, f - endoplasm
Aim: an endoplasm (lightly wounded, chance to affect: 85%)
The endoplasm writhes in agony.
You kill the endoplasm!
You start resting.
Your hobgoblin skeleton crumbles into dust!
Magic restored.
You start resting.
HP restored.
Casting: Pain (safe; 3% risk of failure)
Confirm with . or Enter, or press ? or * to list all spells.
There is nothing nearby to animate!
Okay, then.
You drop a scroll labelled WAOBREHO DEYV.
Okay, then.
You fly up into the air.
b - a ring of flight (left hand)
You see here a scroll labelled WAOBREHO DEYV.
c - a scroll labelled WAOBREHO DEYV
As you read the scroll labelled WAOBREHO DEYV, it crumbles to dust.
Wisps of shadow whirl around you...
It was a scroll of summoning.
Things that are here:
a +0 short sword; a stone
Found a stone staircase leading down.
Number of times to repeat, then command key: You must enter the number of times for the command to repeat.
You swap places.
Unknown command.
Unknown command.
Unknown command.
Unknown command.
Unknown command.
Unknown command.
Unknown command.
Unknown command.
Unknown command.
Unknown command.
There's nothing to open nearby.
Unknown command.
Are you sure you want to abandon this character and quit the game? (Confirm with "yes".)

+........#.#...
####.....#.#.
#.....#.>## ..
#.....#...+....
#.....#...#....
#....).........
#..............
..#+###Sg....####
.......@g....###
.......J........
................
..#+###..........
. #....#.....
#....#.... ......
... ......# ..
#......#


You could see a friendly endoplasm (summoned), 2 friendly goblins and a friendly
ball python (summoned).

Vanquished Creatures
  2 ball pythons (D:1)
  2 endoplasms (D:1)
  6 hobgoblins (D:1)
  A quokka (D:1)
  4 kobolds (D:1)
15 creatures vanquished.

Vanquished Creatures (collateral kills)
  A frilled lizard (D:1)
  2 kobolds (D:1)
3 creatures vanquished.

Grand Total: 18 creatures vanquished

Notes
Turn   | Place    | Note
-------+----------+-------------------------------------------
     0 | D:1      | Barra97 the Spriggan Necromancer began the quest for the
                  | Orb.
     0 | D:1      | Reached XP level 1. HP: 9/9 MP: 5/5
   365 | D:1      | Reached XP level 2. HP: 3/13 MP: 1/6
   367 | D:1      | Learned a level 1 spell: Animate Skeleton
  1184 | D:1      | Quit the game

Illustrated notes

Levels and vault maps discovered:
D:1:      doesnt_arrival_eight_statues, layout_basic

Skill      XL: |  1  2 |
---------------+-------+-----
Dodging        | 3 |  3.2
Spellcasting   | 3 |  3.1
Stealth        | |  3.6
Necromancy     | |  3.8

Action                   || total
-------------------------++-------
Melee: Unarmed           ||     4
 Cast: Pain              ||    27
       Animate Skeleton  ||     4
  Use: Scroll            ||     1
Armor: Robe              ||     1
Dodge: Dodged            ||     8

Table legend: (Time is in decaauts)
 A = Elapsed time spent in this place.
 B = Non-inter-level travel time spent in this place.
 C = Inter-level travel time spent in this place.
 D = Time resting spent in this place.
 E = Time spent auto-exploring this place.
 F = Levels seen in this place.
 G = Mean time per level.
                   A        B        C        D        E       F      G
               +--------+--------+--------+--------+--------+-----+--------+
         Total |   1087 |   1087 |      0 |    746 |    215 |   1 | 1087.0 |
       Dungeon |   1087 |   1087 |      0 |    746 |    215 |   1 | 1087.0 |
               +--------+--------+--------+--------+--------+-----+--------+

Top non-repeatable levels by time:
     D:1: 1087 daAuts
